 Dungeon Crawl Stone Soup version 0.31-a0-344-gd109795599 (console) character file.

Game seed: 4231746035115851622

247 petzl the Sneak (level 6, -1/40 (47) HPs)
             Began as a Formicid Delver on July 21, 2023.
             Slain by a wraith (7 damage)
             ... on level 11 of the Dungeon.
             The game lasted 00:15:22 (2382 turns).

petzl the Sneak (Formicid Delver)                   Turns: 2382, Time: 00:15:22

HP:   -1/40 (47)    AC:  3    Str: 16    XL:     6   Next: 34%
MP:   13/13         EV: 12    Int: 12    God:
Gold: 73            SH:  0    Dex: 15    Spells: 14/14 levels left

rFire   . . .        e - +0 falchion (holy)
rCold   . . .        (no shield)
rNeg    . . .        j - +0 leather armour
rPois   .            (helmet unavailable)
rElec   .            (no cloak)
rCorr   .            (no gloves)
SInv    +            (no boots)
Will    .....        (no amulet)
Stlth   +++          (no ring)
HPRegen 0.26/turn    (no ring)
MPRegen 0.13/turn

%: no passive effects
@: heavily drained
A: permanent stasis, dig shafts and tunnels, antennae 3, four strong arms
a: Dig, Shaft Self


You were on level 11 of the Dungeon.
You visited 1 branch of the dungeon, and saw 9 of its levels.

You collected 73 gold pieces.

Inventory:

Hand Weapons
 a - the +2 scimitar of Compound Interest {flame, rCorr}
   (You found it on level 6 of the Dungeon)

   rCorr:     It protects you from acid and corrosion.
 b - a +0 sling
 e - a +0 falchion of holy wrath (weapon)
 k - the +9 halberd of Ilenoygh {antimagic, Int+3}
   (You found it on level 10 of the Dungeon)

   Int:       It affects your intelligence (+3).
 q - a +2 rapier of speed
Missiles
 g - 4 poisoned darts
Armour
 j - a +0 leather armour (worn)
 n - a +0 kite shield
Wands
 f - a wand of digging (2)
Scrolls
 c - a scroll of amnesia {unknown}
 d - a scroll of revelation
 h - a scroll of enchant weapon {unknown}
 p - a scroll of noise {unknown}
Potions
 i - a potion of invisibility {unknown}
 l - 2 potions of curing {unknown}


   Skills:
 - Level 3.2 Fighting
 - Level 2.0 Maces & Flails
 + Level 3.0 Ranged Weapons
 - Level 1.7 Dodging
 + Level 6.0 Stealth
 + Level 0.0 Shields
 + Level 4.6 Spellcasting
 + Level 0.0 Evocations


You had 14 spell levels left.
You didn't know any spells.
Your spell library contained the following spells:

 Spells                   Type           Power      Damage    Failure   Level
 Ensorcelled Hibernation  Hex/Ice        4%         N/A       36%         2
 Anguish                  Hex/Necr       1%         N/A       94%         4


Dungeon Overview and Level Annotations

Branches:
Dungeon (12/15)               Orc (0/2) D:9
 Temple: D:4-7         Lair: D:8-11

Altars:

Annotations:
D:5 Blork the orc
D:6 exclusion: downstairs
D:7 exclusions: downstairs, ogre, upstairs and water moccasin
D:9 exclusions: killer bee, sensed monster (detected) and 2 more exclusions
D:10 exclusion: downstairs
D:11 exclusions: 2 hell hounds, 2 ice beasts, rime drake and 3 sensed monsters (detected), Urug


Innate Abilities, Weirdness & Mutations

You cannot be hasted, slowed, berserked, paralysed or teleported.
You can dig through walls and to a lower floor.
You have a pair of large antennae on your head. (SInv)
Your four strong arms can wield two-handed weapons with a shield.


Message History

You sense a monster nearby.
The two-headed ogre shouts in stereo!
A wraith comes into view.
Urug the Orcish Ballista comes into view.
She is wielding a +3 double sword of protection and carrying a wand of paralysis.
Found a stone staircase leading down.
Unknown command.
There is an open door here.
You close the door.
A wraith opens the door.
Your +0 falchion of holy wrath softly glows with a divine radiance!
e - a +0 falchion of holy wrath (weapon)
The wraith hits you! The wraith drains your vigour!
Your stasis prevents you from being slowed.
You closely miss the wraith. The wraith barely misses you.
You hit the wraith.
The wraith convulses!
The wraith is moderately damaged.
The wraith hits you.
You hit the wraith but do no damage.
The wraith is moderately damaged.
The wraith closely misses you. The wraith hits you.
The wraith drains your vigour!
Your stasis prevents you from being slowed.
You closely miss the wraith.
The wraith is moderately damaged.
The wraith hits you but does no damage.
You hit the wraith but do no damage.
The wraith is moderately damaged.
The wraith hits you. The wraith drains your vigour!
Your stasis prevents you from being slowed.
You hit the wraith but do no damage.
The wraith is moderately damaged.
The wraith hits you!
* * * LOW HITPOINT WARNING * * *
The wraith hits you.
* * * LOW HITPOINT WARNING * * *
The wraith drains your vigour!
Your stasis prevents you from being slowed.
Are you sure you want to shaft yourself?
The wraith hits you!
You die...

#..# ######..# >.....o
........# ......# ........#
....... ..O.....# ......#
........# ....... ........#
....... #.# ###.......
#.######........#
#................ {{
#......W......... {
#................ {
#.##............. {
#..#.########.... {
#..#.#......#...# {
#.@#.#......+...# {
#..W.#......#...# #
#..#.#......#...# h.h§{
#..#.#......#...#
§≈≈≈≈####..#.#......#...#####
..!........#.######'#........
.....#'####.......>.........
.................########...#
####...########### #...# #...
#...# #... #...# #... #...#
#... #...# #... #####


You could see a wraith.

Vanquished Creatures
  2 hounds
  A jelly (D:6)
  A gnoll bouda (D:7)
  2 iguanas
  An orc wizard (D:6)
  2 gnolls (D:7)
  2 adders
  9 orcs
  2 jackals
22 creatures vanquished.

Notes
Turn   | Place    | Note
-------+----------+-------------------------------------------
     0 | D:5      | petzl the Formicid Delver began the quest for the Orb.
     0 | D:5      | Reached XP level 1. HP: 18/18 MP: 1/1
    14 | D:5      | Noticed Blork the orc
   110 | D:6      | Noticed a scorpion
   148 | D:6      | Reached skill level 1 in Spellcasting
   148 | D:6      | Reached XP level 2. HP: 6/24 MP: 1/4
   388 | D:5      | Reached XP level 3. HP: 19/29 MP: 4/6
   415 | D:4      | You fall into a shaft and drop 1 floor!
   452 | D:4      | You fall into a shaft and drop 2 floors!
   585 | D:6      | Reached XP level 4. HP: 18/35 MP: 6/8
   593 | D:6      | You fall into a shaft and drop 1 floor!
   728 | D:7      | Noticed an ogre
   788 | D:6      | Noticed an ogre
   810 | D:7      | Noticed a two-headed ogre
   847 | D:7      | Noticed a steam dragon
   890 | D:6      | Identified the +2 scimitar of Compound Interest {flame,
                  | rCorr}
   905 | D:6      | Reached skill level 1 in Ranged Weapons
  1056 | D:6      | Reached XP level 5. HP: 37/41 MP: 10/10
  1161 | D:6      | Noticed an ogre
  1185 | D:5      | You fall into a shaft and drop 3 floors!
  1314 | D:8      | Noticed an orc warrior
  1392 | D:7      | Noticed a water moccasin
  1640 | D:7      | Reached XP level 6. HP: 20/43 MP: 12/12
  1873 | D:7      | Noticed an ogre
  1881 | D:7      | You fall into a shaft and drop 3 floors!
  1881 | D:10     | Entered Level 10 of the Dungeon
  1999 | D:10     | Identified the +9 halberd of Ilenoygh {antimagic, Int+3}
  2008 | D:11     | Noticed a two-headed ogre
  2008 | D:11     | Noticed a boulder beetle
  2049 | D:9      | Found a staircase to the Orcish Mines.
  2065 | D:9      | Noticed an orc warrior
  2129 | D:9      | Noticed an orc warrior
  2132 | D:9      | You fall into a shaft and drop 3 floors!
  2224 | D:11     | Noticed an ice beast
  2229 | D:11     | Noticed a rime drake
  2269 | D:11     | Noticed an ice beast
  2307 | D:11     | Noticed a hell hound
  2308 | D:11     | Noticed a hell hound
  2338 | D:11     | Noticed a wraith
  2339 | D:11     | Noticed Urug
  2382 | D:11     | Slain by a wraith

Illustrated notes

Levels and vault maps discovered:
D:4:      layout_gridville, nicolae_vehumet_radiance, minmay_temple_entry_grid,
          serial_glass, glass_columns_a, glass_columns_c
D:5:      layout_basic, uniq_blork_the_orc
D:6:      layout_gridville
D:7:      layout_loops_ring
D:8:      minmay_thinvault, layout_basic, cheibrodos_ashenzari_chains,
          corexii_checkpoint_a, nrook_pool_corridor, nicolae_wwwww, uniq_amaemon
D:9:      layout_long_grid, grunt_temple_overflow_cloverleaf, orc_0_dummy
D:10:     layout_basic, gammafunk_temple_overflow_elements, serial_shops, shop
D:11:     layout_irregular_city, hellmonk_lair_entry_icy, minmay_rotating_lava,
          uniq_urug, uniq_fannar
D:12:     layout_roguey, minmay_the_grid_2x2 [minmay_the_grid_medium_cups,
          minmay_the_grid_broken_lines, minmay_the_grid_all_tris,
          minmay_the_grid_prize_diamond_cup]

Skill      XL: |  1  2  3  4  5  6 |
---------------+-------------------+-----
Spellcasting   | 1 2 3 4 |  4.6
Ranged Weapons | 1 2 3 |  3.0
Fighting       | |  3.2
Maces & Flails | |  2.0
Dodging        | |  1.7
Stealth        | |  6.0

Action                     |  1- 3 |  4- 6 || total
---------------------------+-------+-------++-------
  Melee: Rapier            |    41 |     1 ||    42
         Mace              |     4 |       ||     4
         Scimitar          |       |    38 ||    38
         Falchion          |       |     6 ||     6
   Fire: Sling             |       |    58 ||    58
Ability: Shaft Self        |     2 |     5 ||     7
         Dig               |       |     4 ||     4
  Evoke: Wand              |       |     1 ||     1
    Use: Scroll            |     1 |     3 ||     4
         Potion            |     1 |       ||     1
 Armour: Leather armour    |    16 |     8 ||    24
  Dodge: Dodged            |    47 |    56 ||   103

Table legend: (Time is in decaauts)
 A = Elapsed time spent in this place.
 B = Non-inter-level travel time spent in this place.
 C = Inter-level travel time spent in this place.
 D = Time resting spent in this place.
 E = Time spent auto-exploring this place.
 F = Levels seen in this place.
 G = Mean time per level.
                   A        B        C        D        E       F      G
               +--------+--------+--------+--------+--------+-----+--------+
         Total |   2410 |   2410 |      0 |    777 |    437 |   9 |  267.8 |
       Dungeon |   2410 |   2410 |      0 |    777 |    437 |   9 |  267.8 |
               +--------+--------+--------+--------+--------+-----+--------+

Top non-repeatable levels by time:
     D:7: 797 daAuts
     D:6: 649 daAuts
     D:5: 268 daAuts
     D:8: 179 daAuts
    D:11: 168 daAuts
    D:10: 139 daAuts
     D:9: 112 daAuts
    D:12: 83 daAuts
     D:4: 13 daAuts
